 Dungeon Crawl Stone Soup version 0.26.1-11-gd32895ea62 (webtiles) character file.

Game seed: 7690656763471123270

123 MemeProof the Skirmisher (level 4, 0/41 HPs)
             Began as a Minotaur Fighter on Apr 16, 2021.
             Slain by a kobold
             ... wielding a +0 short sword
              (2 damage)
             ... on level 2 of the Dungeon.
             The game lasted 00:01:14 (1499 turns).

MemeProof the Skirmisher (Minotaur Fighter)         Turns: 1499, Time: 00:01:15

Health: 0/41       AC:  7    Str: 22    XL:     4   Next: 79%
Magic:  3/3        EV:  7    Int:  5    God:
Gold:   48         SH:  9    Dex:  9    Spells: 3/3 levels left

rFire    . . .     SeeInvis .   a - +0 flail
rCold    . . .     Faith    .   c - +0 kite shield
rNeg     . . .     Spirit   .   b - +0 scale mail
rPois    .         Reflect  .   (helmet restricted)
rElec    .         Harm     .   (no cloak)
rCorr    .         Rampage  .   (no gloves)
Will     .....                  (no boots)
Stlth    ..........             (no amulet)
HPRegen  0.13/turn              (no ring)
MPRegen  0.08/turn              (no ring)

@: mighty
A: retaliatory headbutt, horns 2
a: no special abilities


You were on level 2 of the Dungeon.
You visited 1 branch of the dungeon, and saw 2 of its levels.

You collected 48 gold pieces.

Inventory:

Hand Weapons
 a - a +0 flail (weapon)
Armour
 b - a +0 scale mail (worn)
 c - a +0 kite shield (worn)
Scrolls
 e - 2 scrolls of magic mapping {unknown}
 f - a scroll of fog {unknown}
 g - a scroll of identify {unknown}
 h - a scroll of immolation {unknown}
 i - a scroll of noise {unknown}
 k - a scroll of blinking {unknown}
Potions
 j - 2 potions of heal wounds {unknown}


   Skills:
 + Level 4.6 Fighting
 + Level 3.7 Maces & Flails
 + Level 4.5 Armour
 + Level 4.5 Shields


You had 3 spell levels left.
You didn't know any spells.
Your spell library was empty.

Dungeon Overview and Level Annotations

Branches:
Dungeon (2/15)

Altars:


Innate Abilities, Weirdness & Mutations

You reflexively headbutt those who attack you in melee.
You have a pair of horns on your head.


Message History

No target in view!
No target in view!
No target in view!
No target in view!
No target in view!
No target in view!
No target in view!
No target in view!
No target in view!
An ogre comes into view. It is wielding a +0 giant club.
The ogre shouts!
You hear a shout!
You hear an angry hiss.
An ogre is nearby!
A kobold comes into view. It is wielding a +0 short sword.
Sorry, you're not good enough to have a special ability.
You feel very mighty all of a sudden.
You barely miss the ogre. Your headbutt misses the ogre.
The ogre hits you with a +0 giant club!
Ouch! That really hurt!
* * * LOW HITPOINT WARNING * * *
Unknown command.
Unknown command.
Unknown command.
You sock the ogre! You headbutt the ogre. You block the ogre's attack.
You barely miss the ogre. The ogre hits you with a +0 giant club!
* * * LOW HITPOINT WARNING * * *
The kobold hits you but does no damage.
Unknown command.
Unknown command.
You closely miss the ogre. You headbutt the ogre!
You kill the ogre!
The kobold hits you but does no damage.
You have reached level 4!
You feel stronger.
Unknown command.
You miss the kobold. The kobold hits you but does no damage.
You closely miss the kobold. Your headbutt misses the kobold.
You block the kobold's attack.
The kobold hits you with a +0 short sword.
* * * LOW HITPOINT WARNING * * *
You closely miss the kobold.
The kobold hits you with a +0 short sword.
* * * LOW HITPOINT WARNING * * *
Unknown command.
You barely miss the kobold.
A bat comes into view.
You block the kobold's attack.
Unknown command.
You closely miss the kobold. Your headbutt misses the kobold.
The kobold hits you with a +0 short sword.
You die...

.. .. ... ...
..####....
....###..$.#....
...$.....#......
..........$.....
#...............
≈.........b.....
≈......K).....>.
........@?...>..
≈.....†..#......
≈.....##<.##....
###### ##.# ...
.# .. .. # ###


You could see a bat and a kobold.

Vanquished Creatures
  An ogre (D:2)
  A gnoll (D:1)
  2 dart slugs (D:1)
  A giant cockroach (D:1)
  3 goblins (D:1)
  A hobgoblin (D:1)
  4 jackals (D:1)
  3 bats (D:1)
  5 frilled lizards
  5 kobolds (D:1)
  2 rats (D:1)
28 creatures vanquished.

Notes
Turn   | Place    | Note
-------+----------+-------------------------------------------
     0 | D:1      | MemeProof the Minotaur Fighter began the quest for the Orb.
     0 | D:1      | Reached XP level 1. HP: 19/19 MP: 0/0
    79 | D:1      | Reached XP level 2. HP: 5/27 MP: 1/1
   793 | D:1      | Reached XP level 3. HP: 24/33 MP: 2/2
  1485 | D:2      | Noticed an ogre
  1494 | D:2      | Killed an ogre
  1495 | D:2      | Reached XP level 4. HP: 4/41 MP: 3/3
  1496 | D:2      | HP: 2/41 [kobold/+0 short sword (2)]
  1499 | D:2      | Slain by a kobold

Illustrated notes

Levels and vault maps discovered:
D:1:      sevenhm_arrival_forest_fort_small_6, layout_loops_cross,
          kennysheep_minor_cross, minmay_misc_feat_hallway
D:2:      layout_rooms, kennysheep_okawaru_gauntlet, uniq_terence

Skill      XL: |  1  2 |
---------------+-------+-----
Fighting       | 4 |  4.6
Maces & Flails | 3 |  3.7
Armour         | 4 |  4.5
Shields        | 4 |  4.5

Action                   |  1- 3 |  4- 6 || total
-------------------------+-------+-------++-------
Melee: Flail             |    72 |     5 ||    77
       Headbutt          |    11 |       ||    11
  Use: Potion            |     1 |       ||     1
Armor: Scale mail        |    46 |       ||    46
Dodge: Dodged            |    23 |       ||    23
Block: Kite shield       |    53 |     2 ||    55
